 Dungeon Crawl Stone Soup version 0.21.1-1-g345015f (console) character file.

155 Homage the Sneak (level 5, -8/33 HPs)
             Began as an Octopode Transmuter on June 2, 2018.
             Killed from afar by an orc wizard (9 damage)
             ... with a magic dart
             ... on level 3 of the Dungeon.
             The game lasted 00:13:04 (4456 turns).

Homage the Sneak (Octopode Transmuter)              Turns: 4456, Time: 00:13:05

Health: -8/33      AC:  1    Str:  9    XL:     5   Next: 37%
Magic:  9/9        EV: 13    Int: 17    God:
Gold:   117        SH:  0    Dex: 12    Spells: 1/9 levels left

rFire    . . .     SeeInvis .     - Unarmed
rCold    . . .     Gourm    +   (no shield)
rNeg     . . .     Faith    .   (helmet restricted)
rPois    +         Spirit   .   a - amulet of the gourmand
rElec    .         Reflect  .   e - ring of poison resistance
rCorr    .         Harm     .   (no ring)
MR       .....                  (no ring)
Stlth    ++++......             (no ring)
HPRegen  0.11/turn              (no ring)
MPRegen  0.11/turn              (no ring)
                                (no ring)
                                (no ring)

@: appendage
A: almost no armour, stealthy swim, amphibious, 8 rings, constrict 8, tentacle
spike 3, camouflage 1, gelatinous body 1
a: End Transformation


You were on level 3 of the Dungeon.
You were not hungry.
One of your tentacles had a temporary spike.
You visited 1 branch of the dungeon, and saw 4 of its levels.

You collected 117 gold pieces.


Innate Abilities, Weirdness & Mutations

You cannot wear most types of armour.
You are very stealthy in the water. (Stealth+)
You are amphibious.
You can wear up to eight rings at the same time.
You can use your tentacles to constrict eight enemies at once.
Your skin changes colour to match your surroundings (Stealth+).
Your rubbery body absorbs attacks. (AC +1, EV +1)
One of your tentacles bears a large vicious spike.


   Skills:
 - Level 1.0 Fighting
 - Level 2.0 Dodging
 - Level 5.0 Stealth
 - Level 3.0 Unarmed Combat
 + Level 2.8 Spellcasting
 - Level 3.2 Transmutations


You had one spell level left.
You knew the following spells:

 Your Spells              Type           Power        Failure   Level  Hunger
a - Beastly Appendage     Tmut           ##....       4%          1    #......
B - Blade Hands           Tmut           ##........   77%         5    ######.
Z - Sticks to Snakes      Tmut           ##......     7%          2    ##.....

Inventory:

Jewellery
 a - an amulet of the gourmand (around mantle)
 e - a ring of poison resistance (left tentacle)
Scrolls
 d - a scroll of enchant weapon
 g - a scroll of fear
 i - a scroll of immolation {unknown}
 j - a scroll of remove curse {unknown}
Potions
 f - a potion of curing
 h - 2 potions of cancellation {unknown}
Books
 b - a book of Changes

   Spells                             Type                      Level
   a - Beastly Appendage              Transmutation                1
   b - Sticks to Snakes               Transmutation                2
   c - Spider Form                    Transmutation/Poison         3
   d - Ice Form                       Ice/Transmutation            4
   e - Blade Hands                    Transmutation                5
Comestibles
 c - 4 rations


Message History

The orc wizard casts a spell.
The orc wizard seems to speed up.
Casting: Sticks to Snakes
Confirm with . or Enter, or press ? or * to list all spells.
You don't have anything to turn into a snake.
You tentacle-slap the orc wizard but do no damage.
You pierce the orc wizard.
You tentacle-slap the orc wizard, but do no damage.
You squeeze the orc wizard.
The orc wizard is almost dead.
You constrict the orc wizard. The orc wizard hits you with a dagger.
The orc wizard points at you and mumbles some strange words.
The puff of flame hits you!
* * * LOW HITPOINT WARNING * * *
You release your grip on the orc wizard.
The orc wizard casts a spell at you. The puff of frost misses you.
The orc wizard points at you and mumbles some strange words.
The magic dart hits you!
You die...

### ..# ###.#
###############
# # ...#
#......<.......
#.##.##.###
#.######.##.##.
........o###@#
.# #..#..So%..#
.# #..).#o#####
.# ##.#.#.# ..
#. ...w. ## #
##.##.. ..# ...
.### .... ..
.....


You could see an orc wizard, an adder and an orc.

Vanquished Creatures
  Terence (D:2)
  6 adders
  An ooze (D:1)
  2 worms
  A dart slug (D:2)
  6 leopard geckos
  4 orcs
  4 bats
  3 giant cockroaches (D:2)
  7 goblins
  4 hobgoblins
  A quokka (D:2)
  A ball python (D:2)
  4 frilled lizards
  4 kobolds
  6 rats
55 creatures vanquished.

Vanquished Creatures (collateral kills)
  A dart slug (D:2)
  A hobgoblin (D:2)
2 creatures vanquished.

Grand Total: 57 creatures vanquished

Notes
Turn   | Place    | Note
-------+----------+-------------------------------------------
     0 | D:1      | Homage the Octopode Transmuter began the quest for the Orb.
     0 | D:1      | Reached XP level 1. HP: 13/13 MP: 3/3
    10 | D:1      | Reached skill level 2 in Stealth
   149 | D:1      | Reached XP level 2. HP: 11/18 MP: 5/5
   279 | D:1      | Learned a level 2 spell: Sticks to Snakes
   531 | D:1      | Reached skill level 3 in Stealth
  1199 | D:1      | Reached XP level 3. HP: 23/23 MP: 4/6
  1361 | D:2      | Found a shimmering altar of Xom.
  1369 | D:2      | Reached skill level 4 in Stealth
  1803 | D:2      | Noticed Terence
  1837 | D:2      | HP: 3/23 [Terence/hand axe (5)]
  2644 | D:2      | Reached skill level 5 in Stealth
  2688 | D:2      | Reached XP level 4. HP: 28/28 MP: 5/7
  3043 | D:2      | Killed Terence
  3043 | D:2      | Reached skill level 3 in Transmutations
  3930 | D:3      | Noticed HaroldFreecs's ghost (amateur MiAK)
  3991 | D:3      | Reached XP level 5. HP: 24/33 MP: 8/8
  4152 | D:3      | Found a runed door.
  4202 | D:3      | Learned a level 5 spell: Blade Hands
  4454 | D:3      | HP: 1/33 [orc wizard/puff of flame (10)]
  4456 | D:3      | Killed from afar by an orc wizard

Vault maps used:
D:1:      ncdulo_halloftheorcs
D:2:      overflow_temple_1_default, uniq_terence
D:3:      serial_park_tiny_pond, uniq_crazy_yiuf_cottage
D:4:      first_ration, uniq_pikel

Action                   |  1- 3 |  4- 6 || total
-------------------------+-------+-------++-------
Melee: Unarmed           |    68 |    75 ||   143
       Constrict         |    19 |    19 ||    38
       Tentacles         |     7 |    19 ||    26
       Kick              |     5 |    10 ||    15
       Punch             |     3 |     2 ||     5
 Cast: Beastly Appendage |    11 |     7 ||    18
       Sticks to Snakes  |    10 |     2 ||    12
  Use: Potion            |     3 |     1 ||     4
       Scroll            |     1 |     1 ||     2
 Stab: Sleeping          |     6 |     5 ||    11
       Distracted        |     1 |       ||     1
  Eat: Chunk             |     6 |     6 ||    12
Armor: Skin              |     7 |     5 ||    12
Dodge: Dodged            |    39 |    34 ||    73
